 Dungeon Crawl Stone Soup version 0.29-a0-649-g45c230d69a (webtiles) character file.

Game seed: 13543062402878526863

24 Dritkant the Bolt Thrower (level 3, -2/22 HPs)
             Began as a Gargoyle Hunter on June 21, 2022.
             Slain by Terence
             ... wielding a +1 flail of protection
              (6 damage)
             ... on level 2 of the Dungeon.
             The game lasted 00:04:17 (694 turns).

Dritkant the Bolt Thrower (Gargoyle Hunter)          Turns: 694, Time: 00:04:17

Health: -2/22      AC:  8    Str: 14    XL:     3   Next: 2%
Magic:  3/3        EV: 11    Int:  9    God:
Gold:   79         SH:  0    Dex: 15    Spells: 2/2 levels left

rFire   . . .      SeeInvis .   a - +1 hand crossbow
rCold   . . .      Faith    .   (no shield)
rNeg    + . .      Spirit   .   l - +0 ring mail
rPois   ∞          Reflect  .   (no helmet)
rElec   +          Harm     .   (no cloak)
rCorr   .          Rampage  .   (no gloves)
Will    .....                   (no boots)
Stlth   +.........              (no amulet)
HPRegen 0.07/turn               (no ring)
MPRegen 0.08/turn               (no ring)

@: no status effects
A: sickness immunity, AC +3, negative energy resistance 1, electricity
resistance, torment resistance 1, petrification resistance
a: no special abilities


You were on level 2 of the Dungeon.
You visited 1 branch of the dungeon, and saw 2 of its levels.

You collected 79 gold pieces.

Inventory:

Hand Weapons
 a - a +1 hand crossbow (weapon)
 b - a +2 dagger of pain
Armour
 l - a +0 ring mail (worn)
Scrolls
 c - a scroll of immolation
 e - 2 scrolls of poison {unknown}
 i - a scroll of identify {unknown}
 k - 2 scrolls of brand weapon {unknown}
Potions
 d - a potion of might {unknown}
 f - a potion of brilliance {unknown}
 g - a potion of heal wounds {unknown}
 h - 2 potions of berserk rage {unknown}
 j - a potion of lignification {unknown}


   Skills:
 * Level 2.7 Fighting
 * Level 4.3 Crossbows
 + Level 0.6 Armour
 + Level 2.0 Dodging
 - Level 1.1 Stealth


You had 2 spell levels left.
You didn't know any spells.
Your spell library contained the following spells:

 Spells                   Type           Power      Damage    Failure   Level
 Ensorcelled Hibernation  Hex/Ice        0%         N/A       77%         2
 Passwall                 Tmut/Erth      0%         N/A       77%         2
 Swiftness                Air            0%         N/A       94%         3


Dungeon Overview and Level Annotations

Branches:
Dungeon (2/15)

Altars:
Gozag

Annotations:
D:2 Terence


Innate Abilities, Weirdness & Mutations

You are immune to sickness and miasma.
Your stone body is resilient. (AC +3)
You are immune to poison.
You resist negative energy. (rN+)
You are resistant to electric shocks. (rElec)
You are resistant to unholy torment.
You are immune to petrification.


Message History

Your Dodging skill increases to level 2!
You have reached level 3!
Your experience leads to an increase in your attributes!
Increase (S)trength, (I)ntelligence, or (D)exterity?
You feel agile. x2
Found an opulent altar of Gozag.
Found a ring mail.
Found a stone staircase leading down.
You see here a +0 ring mail.
l - a +0 ring mail You start removing your armour.
You continue taking off your +0 leather armour. x4
You finish taking off your +0 leather armour.
You start putting on your armour.
You continue putting on your +0 ring mail. x5
You finish putting on your +0 ring mail.
You drop a +0 leather armour.
d - a smoky dark potion As you open the door, it creaks loudly!
Terence the Incautious comes into view.
He is wielding a +1 flail of protection and wearing a +2 scale mail of cold resistance.
You shoot a bolt.
The bolt hits Terence but does no damage.
Terence hits you with a +1 flail of protection. x2
You shoot a bolt.
The bolt hits Terence but does no damage.
Terence hits you but does no damage.
You shoot a bolt.
The bolt hits Terence but does no damage.
Terence hits you with a +1 flail of protection!
Ouch! That really hurt!
* * * LOW HITPOINT WARNING * * *
Terence attacks as you move away! Terence closely misses you.
Terence attacks as you move away! Terence closely misses you.
Terence attacks as you move away! Terence closely misses you.
Terence attacks as you move away! Terence closely misses you.
Terence attacks as you move away! Terence misses you.
Terence attacks as you move away! Terence completely misses you.
Terence attacks as you move away!
Terence hits you with a +1 flail of protection.
You die...

#......[....#
#.####......# #.#
##..._..# #.###.#.....#
#+ #.##.##.....# ...
#.##..#.....# ....
#.##.#.#.#### .....
#.##.###.#
......##..@@....#####
......'................
......####...##########
..... ##.## .... #.#
... #.# #+# #.# #.# #.#
#.# #.#


You could see Terence.

Vanquished Creatures
  2 endoplasms (D:1)
  2 giant cockroaches (D:1)
  A hobgoblin (D:1)
  2 jackals (D:1)
  3 ball pythons
  3 bats (D:1)
  2 frilled lizards (D:1)
  A goblin (D:1)
  4 kobolds (D:1)
  5 rats (D:1)
25 creatures vanquished.

Notes
Turn   | Place    | Note
-------+----------+-------------------------------------------
     0 | D:1      | Dritkant the Gargoyle Hunter began the quest for the Orb.
     0 | D:1      | Reached XP level 1. HP: 12/12 MP: 1/1
   164 | D:1      | Found a faded altar of an unknown god.
   194 | D:1      | Reached XP level 2. HP: 18/18 MP: 2/2
   626 | D:2      | Reached XP level 3. HP: 22/22 MP: 3/3
   628 | D:2      | Found an opulent altar of Gozag.
   671 | D:2      | Noticed Terence
   694 | D:2      | Slain by Terence

Illustrated notes

Levels and vault maps discovered:
D:1:      dpeg_arrival_arbitrary_a, layout_basic,
          chequers_ecumenical_altar_simple, grunt_decor_clamped
D:2:      layout_loops_corners, basic_altar, uniq_terence

Skill      XL: |  1  2 |
---------------+-------+-----
Dodging        | 2 |  2.0
Fighting       | |  2.7
Crossbows      | |  4.3
Armour         | |  0.6
Stealth        | |  1.1

Action                   || total
-------------------------++-------
 Fire: Hand crossbow     ||    60
Armor: Leather armour    ||    13
       Ring mail         ||     1
Dodge: Dodged            ||    20

Table legend: (Time is in decaauts)
 A = Elapsed time spent in this place.
 B = Non-inter-level travel time spent in this place.
 C = Inter-level travel time spent in this place.
 D = Time resting spent in this place.
 E = Time spent auto-exploring this place.
 F = Levels seen in this place.
 G = Mean time per level.
                   A        B        C        D        E       F      G
               +--------+--------+--------+--------+--------+-----+--------+
         Total |    713 |    702 |     11 |      0 |    538 |   2 |  356.5 |
       Dungeon |    713 |    702 |     11 |      0 |    538 |   2 |  356.5 |
               +--------+--------+--------+--------+--------+-----+--------+

Top non-repeatable levels by time:
     D:1: 618 daAuts
     D:2: 94 daAuts
